 Dungeon Crawl Stone Soup version 0.21-a0-538-gd16b88a (webtiles) character file.

51 KristoblXynda the Conjurer (level 3, -12/19 HPs)
             Began as a Deep Elf Conjurer on Dec 15, 2017.
             Mangled by Sigmund
             ... wielding a cursed -3 scythe
              (14 damage)
             ... on level 2 of the Dungeon.
             The game lasted 00:04:23 (1466 turns).

KristoblXynda the Conjurer (Deep Elf Conjurer)      Turns: 1466, Time: 00:04:24

Health: -12/19     AC:  3    Str:  5    XL:     3   Next: 57%
Magic:  0/10       EV:  7    Int: 20    God:
Gold:   34         SH:  0    Dex: 15    Spells: 6/10 levels left

rFire    . . .     SeeInvis .   k - +1 dagger (venom)
rCold    . . .     Gourm    .   (no shield)
rNeg     . . .     Faith    .   a - +0 robe
rPois    .         Spirit   .   n - +0 helmet (curse)
rElec    .         Reflect  .   (no cloak)
rCorr    .         Harm     .   (no gloves)
MR       .....                  (no boots)
Stlth    ++........             (no amulet)
HPRegen  0.06/turn              (no ring)
MPRegen  0.12/turn              (no ring)

@: held
A: no striking features
a: no special abilities


You were on level 2 of the Dungeon.
You were hungry.

You visited 1 branch of the dungeon, and saw 2 of its levels.

You collected 34 gold pieces.

Inventory:

Hand Weapons
 g - a +3 dagger of speed
 k - a +1 dagger of venom (weapon)
Armour
 a - a +0 robe (worn)
 n - a cursed +0 helmet (worn)
Scrolls
 f - 2 scrolls of remove curse {unknown}
 o - a scroll of enchant weapon {unknown}
Potions
 e - a potion of mutation
Books
 b - a book of Conjurations

   Spells                             Type                      Level
   a - Magic Dart                     Conjuration                  1
   b - Searing Ray                    Conjuration                  2
   c - Dazzling Spray                 Conjuration/Hexes            3
   d - Fulminant Prism                Conjuration/Hexes            4
   e - Force Lance                    Conjuration/Translocation    4
   f - Iskenderun's Mystic Blast      Conjuration                  4
Comestibles
 c - a bread ration
 d - 3 royal jellies
 l - a meat ration


   Skills:
 - Level 2.4 Dodging
 - Level 2.4 Stealth
 + Level 4.0 Spellcasting
 + Level 5.4 Conjurations


You had 6 spell levels left.
You knew the following spells:

 Your Spells              Type           Power        Failure   Level  Hunger
a - Magic Dart            Conj           ####         1%          1    None
b - Dazzling Spray        Conj/Hex       ##....       13%         3    ###....


Dungeon Overview and Level Annotations

Branches:
Dungeon (2/15)

Altars:
Nemelex Xobeh
Trog
Yredelemnul
Zin
The Shining One

Annotations:
D:2 Sigmund


Message History

Casting: Magic Dart
Confirm with . or Enter, or press ? or * to list all spells.
Aiming: Magic Dart
Press: ? - help, Shift-Dir - straight line, f - kobold
Aim: a kobold, wielding a short sword The magic dart hits something.
The gnoll throws a throwing net.
The throwing net hits you.
You become entangled in the net!
Something hits you but does no damage.
Unknown command.
Something hits you but does no damage.
You feel less wooden.
Your cursed +0 helmet unmelds from your body.
Your +0 robe unmelds from your body.
Something hits you!
Ouch! That really hurt!
Something hits you.
* * * LOW HITPOINT WARNING * * *
You struggle against the net.
You struggle against the net.
Something hits you!
Ouch! That really hurt!
You die...

##.#.#...'.............
##.#.#####...........###
###### ####..#####.#
.####### #..# +#
.#.§.§.§# #..## .'...._.#
#...# .#.§.§.§# #.#.##
.####### #.#..# ##
##########.##@# . #
#.......##.##.# .g. #
#####...##.##{###....K
########...##.##gK.@.....
..............##gg.......
#######.......##w...(###.
......+.......###....#
#######.......# #..#.#
..............# ##.#.#


You could see a worm, 3 gnolls and a kobold.

Vanquished Creatures
  An adder (D:2)
  A worm (D:2)
  A dart slug (D:1)
  2 leopard geckos (D:1)
  2 giant cockroaches
  3 goblins
  2 hobgoblins
  6 jackals (D:1)
  4 kobolds
  5 bats
  6 rats
33 creatures vanquished.

Notes
Turn   | Place    | Note
-------+----------+-------------------------------------------
     0 | D:1      | KristoblXynda the Deep Elf Conjurer began the quest for the Orb.
     0 | D:1      | Reached XP level 1. HP: 10/10 MP: 6/6
   170 | D:1      | Reached XP level 2. HP: 15/15 MP: 2/8
   437 | D:1      | Reached skill level 5 in Conjurations
   902 | D:1      | Reached XP level 3. HP: 19/19 MP: 7/9
  1030 | D:2      | Found a bloodstained altar of Trog.
  1030 | D:2      | Found a glowing silver altar of Zin.
  1060 | D:2      | Learned a level 3 spell: Dazzling Spray
  1349 | D:2      | Found a glowing golden altar of the Shining One.
  1358 | D:2      | Found a basalt altar of Yredelemnul.
  1374 | D:2      | Found a sparkling altar of Nemelex Xobeh.
  1422 | D:2      | Noticed Sigmund
  1466 | D:2      | Mangled by Sigmund

Vault maps used:
D:1:      dpeg_arrival_stonehenge_8_columns
D:2:      grunt_temple_overflow_holy_war, gammafunk_temple_overflow_statue,
          lemuel_doored_altar, minmay_quantized, uniq_sigmund

Skill      XL: |  1  2  3 |
---------------+----------+-----
Conjurations   | 5 |  5.4
Spellcasting   | 4 |  4.0
Dodging        | |  2.4
Stealth        | |  2.4

Action                   || total
-------------------------++-------
Melee: Dagger            ||    16
 Cast: Magic Dart        ||    72
       Dazzling Spray    ||     2
  Use: Potion            ||     3
       Scroll            ||     2
  Eat: Chunk             ||     1
Armor: Robe              ||     5
       Skin              ||     9
Dodge: Dodged            ||    18

Table legend:
 A = Spawn XP
 B = Non-spawn XP
 C = Spawn XP percentage of total XP
 D = Spawn monster count
 E = Non-spawn monster count
 F = Spawn count percentage of total count
 G = Total turns spent on level
                    A         B        C        D         E        F      G
               +---------+---------+-------+---------+---------+-------+---------
         Total |       0 |      73 |   0.0 |       0 |      33 |   0.0 |  1466
               +---------+---------+-------+---------+---------+-------+---------
           D:1 |       0 |      43 |   0.0 |       0 |      23 |   0.0 |  1017
           D:2 |       0 |      30 |   0.0 |       0 |      10 |   0.0 |   449
               +---------+---------+-------+---------+---------+-------+---------
